 Dungeon Crawl Stone Soup version 0.19-a0-1861-g35def1e (webtiles) character file.

220 MackTheKnife the Insei (level 5, -3/36 HPs)
             Began as an Octopode Monk on Oct 12, 2016.
             Was a Believer of Okawaru.
             Slain by a gnoll
             ... wielding a +0 spear
              (7 damage)
             ... on level 3 of the Dungeon.
             The game lasted 00:03:01 (1735 turns).

MackTheKnife the Insei (Octopode Monk)              Turns: 1735, Time: 00:03:02

Health: -3/36      AC:  1    Str: 10    XL:     5   Next: 97%
Magic:  4/5        EV: 14    Int: 13    God:    Okawaru [**....]
Gold:   150        SH:  0    Dex: 15    Spells: 1 memorised, 2 levels left

rFire  . . .     SeeInvis .       - Unarmed
rCold  . . .     Gourm    .     (no shield)
rNeg   . . .     Faith    .     (helmet restricted)
rPois  .         Spirit   .     (no amulet)
rElec  .         Dismiss  .     (no ring)
rCorr  .         Reflect  .     (no ring)
MR     .....     Harm     .     (no ring)
Stlth  +++.......               (no ring)
                                (no ring)
                                (no ring)
                                (no ring)
                                (no ring)

@: about to teleport
A: almost no armour, stealthy swim, amphibious, 8 rings, constrict 8, camouflage
1, gelatinous body 1
a: Heroism, Renounce Religion


You were on level 3 of the Dungeon.
You worshipped Okawaru.
Okawaru was pleased with you.
You were not hungry.

You visited 1 branch of the dungeon, and saw 3 of its levels.
You also visited: Sewer.

You collected 150 gold pieces.

Inventory:

Scrolls
 e - a scroll of recharging
 s - a scroll of blinking {!r}
Potions
 c - 3 potions of flight {unknown}
 d - 4 potions of magic {unknown}
 f - a potion of berserk rage {unknown}
 k - 2 potions of brilliance
 m - a potion of curing {unknown}
 n - a potion of agility {unknown}
 o - a potion of heal wounds {unknown}
Books
 r - a book of Minor Magic
   (You found it on level 2 of the Dungeon)
Comestibles
 a - a bread ration {@e1}
 b - a royal jelly
 j - 3 meat rations {@e2}
 p - 5 fruits


   Skills:
 - Level 3.0 Fighting
 - Level 3.0 Dodging
 - Level 2.6 Stealth
 + Level 6.4 Unarmed Combat


You had 2 spell levels left.
You knew the following spells:

 Your Spells              Type           Power        Failure   Level  Hunger
b - Blink                 Tloc           N/A          47%         2    ###....


Dungeon Overview and Level Annotations

Branches:
Dungeon (3/15)

Altars:
Elyvilon
Okawaru
The Shining One

Annotations:
D:3 Sigmund


Innate Abilities, Weirdness & Mutations

You cannot wear most types of armour.
You are very stealthy in the water. (Stealth+)
You are amphibious.
You can wear up to eight rings at the same time.
You can use your tentacles to constrict eight enemies at once.
Your skin changes colour to match your surroundings (Stealth+).
Your rubbery body absorbs attacks. (AC +1, EV +1)


Message History

s - 2 scrolls labeled QOCVIRCH HEAR (gained 1)
d - a glowing orange potion
g - a scroll labeled ASHAF WIOVVIFA
g - 2 scrolls labeled ASHAF WIOVVIFA (gained 1)
d - 3 glowing orange potions (gained 2) Health restored: 36
c - 3 bubbling clear potions (gained 2)
d - 4 glowing orange potions (gained 1)
There is a gate leading back out of this place here.
Welcome back to the Dungeon! x2
There is a collapsed entrance here.
You are feeling hungry.
MP restored: 5 You feel a little less mighty now.
The hobgoblin is too close now for your liking.
The helpless hobgoblin fails to defend itself.
You bludgeon the hobgoblin!
You kill the hobgoblin!
Okawaru accepts your kill.
Things that are here:
a club; a hobgoblin corpse
h - a runed mace There isn't anything here!
Things that are here:
a club; a hobgoblin corpse You butcher the hobgoblin corpse.
i - a chunk of flesh {@w0} You see here a club.
Eating a chunk of flesh {@w0}.
You start eating the chunk of flesh {@w0}.
You continue eating. x2
You finish eating.
Drop what? 16/52 slots (_ for help) (? for menu, Esc to quit)
You drop a runed mace.
Blink to where?
Are you sure you want to cancel this blink?
Okay, then.
As you read the scroll labeled QOCVIRCH HEAR, it crumbles to dust.
It was a scroll of blinking.
As you read the scroll labeled ASHAF WIOVVIFA, it crumbles to dust.
You feel strangely unstable.
It was a scroll of teleportation.
You start waiting.
Your surroundings suddenly seem different.
Unknown command.
A gnoll comes into view. It is wielding a whip.
A gnoll is nearby!
A gnoll is nearby!
A gnoll comes into view.
It is wielding a spear. 2 gnolls come into view.
The gnoll shouts! x3; You hear a shout! x2; You hear an angry hiss. x2
An adder comes into view.
You gain the combat prowess of a mighty hero.
An orc and Sigmund come into view.
You now have 3/5 mp.
You bludgeon the gnoll!
You kill the gnoll!
Okawaru accepts your kill.
You tentacle-slap the orc. You grab the orc. You tentacle-slap the orc.
You kill the orc!
Okawaru accepts your kill. The gnoll hits you with a spear!
The gnoll closely misses you.
You take 8 damage, and have 28/36 hp.
MASSIVE DAMAGE!!
You tentacle-slap the gnoll. You grab the gnoll.
Your tentacle-slap misses the gnoll.
You constrict the gnoll. The gnoll hits you with a spear!
The gnoll barely misses you.
You take 8 damage, and have 20/36 hp.
MASSIVE DAMAGE!!
You tentacle-slap the gnoll. You constrict the gnoll.
The gnoll closely misses you. The gnoll misses you.
You tentacle-slap the gnoll. You squeeze the gnoll. You constrict the gnoll.
The gnoll closely misses you. The gnoll barely misses you.
You tentacle-slap the gnoll. You constrict the gnoll. You bludgeon the gnoll!
You kill the gnoll!
Okawaru accepts your kill.
You feel like a meek peon again. The gnoll closely misses you.
You tentacle-slap the adder. Your grab misses the adder.
The adder completely misses you. The gnoll misses you. The adder bites you.
You take 4 damage, and have 17/36 hp.
You closely miss the adder. You grab the adder. You squeeze the adder!
You kill the adder!
Okawaru accepts your kill.
The gnoll hits you from afar with a spear.
You take 4 damage, and have 13/36 hp.
You tentacle-slap Sigmund. Your grab misses Sigmund.
Sigmund gestures wildly while chanting.
Sigmund flickers and vanishes!
Deactivating autopickup; reactivate with Ctrl-A.
The gnoll hits you from afar with a spear.
* * * LOW HITPOINT WARNING * * *
You take 5 damage, and have 8/36 hp.
As you read the scroll of teleportation, it crumbles to dust.
You feel strangely unstable. Something hits you.
* * * LOW HITPOINT WARNING * * *
The gnoll hits you from afar with a spear!
You die...

##.(# # #...#
#.#.#.#
#.#.#.#
######.....# #
#....###.###.#
#.....#...#
#g{.#...#
.S.....#@..###
.##.⌠.######
#..go .@⌠gg
..... ....
....


You could see a gnoll.

Vanquished Creatures
  Purgy (Sewer)
  3 adders
  2 gnolls (D:3)
  An ooze (D:2)
  A worm (D:2)
  3 dart slugs
  4 leopard geckos
  An orc (D:3)
  7 bats
  6 giant cockroaches
  7 goblins
  6 hobgoblins
  6 jackals (D:2)
  2 ball pythons (Sewer)
  6 frilled lizards
  2 kobolds (D:1)
  10 rats
68 creatures vanquished.

Notes
Turn   | Place    | Note
-------+----------+-------------------------------------------
     0 | D:1      | MackTheKnife the Octopode Monk began the quest for the Orb.
     0 | D:1      | Reached XP level 1. HP: 16/16 MP: 1/1
   178 | D:1      | Reached XP level 2. HP: 14/21 MP: 2/2
   304 | D:1      | Found an iron altar of Okawaru.
   320 | D:1      | Became a worshipper of Warmaster Okawaru
   320 | D:1      | Reached * piety under Okawaru
   320 | D:1      | Reached ** piety under Okawaru
   485 | D:1      | Reached skill level 4 in Unarmed Combat
   530 | D:1      | Reached XP level 3. HP: 26/26 MP: 3/3
   928 | D:2      | Found a glowing golden altar of the Shining One.
  1163 | D:2      | Found a white marble altar of Elyvilon.
  1174 | D:2      | Learned a level 2 spell: Blink
  1223 | D:2      | Reached XP level 4. HP: 27/31 MP: 4/4
  1421 | D:3      | Found a glowing drain.
  1435 | D:3      | Reached skill level 5 in Unarmed Combat
  1448 | Sewer    | Entered a sewer
  1622 | Sewer    | Noticed Purgy
  1637 | Sewer    | Killed Purgy
  1637 | Sewer    | Reached skill level 6 in Unarmed Combat
  1637 | Sewer    | Reached XP level 5. HP: 34/36 MP: 2/5
  1721 | D:3      | Noticed Sigmund
  1734 | D:3      | HP: 8/36 [gnoll/spear (5)]
  1735 | D:3      | Slain by a gnoll

Vault maps used:
D:1:      dpeg_arrival_long_road, okawaru_ov_weapons_minmay
D:2:      tso_oasis_becter, elyvilon_altar_3
D:3:      corexii_shack_village, gup_sewer_entry_pipe, grunt_ministairs_2,
          uniq_terence, uniq_crazy_yiuf_cottage, uniq_sigmund
Sewer:    sewer_co_purgy_island

Skill      XL: |  1  2  3  4 |
---------------+-------------+-----
Unarmed Combat | 4 6 |  6.4
Fighting       | |  3.0
Dodging        | |  3.0
Stealth        | |  2.6

Action                   |  1- 3 |  4- 6 || total
-------------------------+-------+-------++-------
Melee: Unarmed           |    86 |    53 ||   139
       Constrict         |    26 |    16 ||    42
       Tentacles         |    12 |    14 ||    26
       Punch             |     1 |     4 ||     5
Invok: Heroism           |     1 |     2 ||     3
  Use: Scroll            |       |     8 ||     8
       Potion            |       |     1 ||     1
 Stab: Sleeping          |     5 |     4 ||     9
  Eat: Chunk             |     1 |     2 ||     3
Armor: Skin              |     8 |     5 ||    13
Dodge: Dodged            |    61 |    46 ||   107

Vault maps used:
D:1:      dpeg_arrival_long_road, okawaru_ov_weapons_minmay
D:2:      tso_oasis_becter, elyvilon_altar_3
D:3:      corexii_shack_village, gup_sewer_entry_pipe, grunt_ministairs_2,
          uniq_terence, uniq_crazy_yiuf_cottage, uniq_sigmund
Sewer:    sewer_co_purgy_island

Table legend:
 A = Turns spent in this place as a percentage of turns spent in the entire game.
 B = Non-inter-level travel turns spent in this place as a percentage of non-inter-level travel turns spent in the entire game.
 C = Inter-level travel turns spent in this place as a percentage of turns spent in this place.
 D = Turns resting spent in this place as a percentage of non-inter-level travel turns spent in this place.
 E = Turns spent auto-exploring this place as a percentage of non-inter-level travel turns spent in this place.
 F = Non-inter-level travel turns spent in this place divided by the number of levels of this place that you've seen.
                   A       B       C       D       E      F
               +-------+-------+-------+-------+-------+----------------------
         Total | 100.0 | 100.0 |   0.3 |   0.9 |  10.2 | 164.5
       Dungeon |  83.6 |  83.6 |   0.4 |   1.1 |  11.1 | 183.3
         Sewer |  16.4 |  16.4 |   0.0 |   0.0 |   5.6 | 108.0
               +-------+-------+-------+-------+-------+----------------------

Table legend:
 A = Kills in this place as a percentage of kills in entire the game.
 B = Kills by you in this place as a percentage of kills by you in the entire game.
 C = Kills by friends in this place as a percentage of kills by friends in the entire game.
 D = Other kills in this place as a percentage of other kills in the entire game.
 E = Experience gained in this place as a percentage of experience gained in the entire game.
 F = Experience gained in this place divided by the number of levels of this place that you have seen.
                   A       B       C       D       E      F
               +-------+-------+-------+-------+-------+----------------------
         Total | 100.0 | 100.0 |  -nan |  -nan | 100.0 |  78.8
       Dungeon |  89.7 |  89.7 |  -nan |  -nan |  50.2 |  52.7
         Sewer |  10.3 |  10.3 |  -nan |  -nan |  49.8 | 157.0
               +-------+-------+-------+-------+-------+----------------------
